 Dungeon Crawl Stone Soup version 0.31.0-12-g77e489cdc1 (webtiles) character file.

Game seed: 3356486689486805177

12934 hawla the Fey Minotaur (level 11, -4/86 HPs)
             Began as a Minotaur Fighter on Feb 17, 2024.
             Was a Follower of Yredelemnul.
             Slain by a two-headed ogre
             ... wielding a +0 giant spiked club
              (15 damage)
             ... on level 11 of the Dungeon.
             The game lasted 00:21:10 (9674 turns).

hawla the Fey Minotaur (Minotaur Fighter)           Turns: 9674, Time: 00:21:12

Health: -4/86      AC: 14    Str: 22    XL:     11   Next: 69%
Magic:  28/28      EV: 10    Int:  9    God:    Yredelemnul [*.....]
Gold:   86         SH:  6    Dex: 13    Spells: 10/10 levels left

rFire   . . .        m - +8 short sword of Sloth {freeze, Int+4}
rCold   . . .        c - +1 buckler
rNeg    . . .        s - +0 chain mail
rPois   .            x - +0 hat
rElec   .            E - +0 cloak
rCorr   .            t - +0 pair of gloves
SInv    .            (no boots)
Will    .....        w - amulet of the acrobat Stlth
                     a - ring of magical power
HPRegen 0.34/turn    (no ring)
MPRegen 0.21/turn

%: acrobat
@: lethally poisoned (-4 -> -8), about to teleport, slowed, studying Shields,
very slow
A: horns 2, retaliatory headbutt
a: Renounce Religion, Recall Undead Harvest


You were on level 11 of the Dungeon.
You worshipped Yredelemnul.
Yredelemnul was pleased with you.
You visited 2 branches of the dungeon, and saw 12 of its levels.

You collected 332 gold pieces.
You spent 246 gold pieces at shops.

Inventory:

Hand Weapons
 m - the +8 short sword of Sloth (weapon) {freeze, Int+4}
   (You found it on level 2 of the Dungeon)

   Int+4:     It affects your intelligence (+4).
 H - a +7 long sword
Missiles
 i - 6 datura-tipped darts
 o - 16 poisoned darts (quivered)
 r - 5 atropa-tipped darts
Armour
 c - a +1 buckler (worn)
 s - a +0 chain mail (worn)
 t - a +0 pair of gloves (worn)
 x - a +0 hat (worn)
 E - a +0 cloak (worn)
Jewellery
 a - a ring of magical power (left hand)
 w - an amulet of the acrobat (around neck)
 I - a +5 ring of evasion
Wands
 v - a wand of paralysis (18)
 F - a wand of mindburst (41)
 G - a wand of flame (6)
 J - a wand of roots (5)
Scrolls
 b - 3 scrolls of fog
 e - 3 scrolls of revelation
 h - 8 scrolls of poison
 k - 2 scrolls of silence
 p - 2 scrolls of vulnerability
 y - a scroll of teleportation
 z - a scroll of immolation
 D - a scroll of enchant armour
 L - a scroll of identify
Potions
 d - 5 potions of might
 f - 10 potions of curing
 g - 4 potions of attraction {unknown}
 j - a potion of berserk rage {unknown}
 l - 4 potions of heal wounds {unknown}
 n - 3 potions of brilliance {unknown}
 q - a potion of lignification
 u - a potion of resistance {unknown}
 A - a potion of degeneration {unknown}
 B - 3 potions of enlightenment {unknown}
 C - a potion of magic {unknown}
Miscellaneous
 K - a sack of spiders (inert)


   Skills:
 - Level 5.0 Fighting
 - Level 9.8(10.1) Short Blades
 + Level 4.1(8.0) Long Blades
 + Level 10.5 Armour
 - Level 6.0 Dodging
 - Level 5.0 Shields
 - Level 12.0 Invocations
 - Level 3.0 Evocations


You had 10 spell levels left.
You didn't know any spells.
Your spell library was empty.

Dungeon Overview and Level Annotations

Branches:
Dungeon (11/15)            Temple (1/1) D:4            Lair (0/5) D:10
    Orc (0/2) D:11

Altars:
Ashenzari
Cheibriados
Dithmenos
Elyvilon
Fedhas
Gozag
Hepliaklqana
Kikubaaqudgha
Makhleb
Nemelex Xobeh
Okawaru
Ru
Sif Muna
Trog
Uskayaw
Vehumet
Wu Jian
Xom
Yredelemnul
Zin
The Shining One

Shops:
D:5 *   D:6 [   D:8 *[(?!

Annotations:
D:3 2 transporters, NotreDorf's ghost, amateur MfAl
D:6 2 transporters


Innate Abilities, Weirdness & Mutations

You have a pair of horns on your head.
You reflexively headbutt those who attack you in melee.


Message History

You are poisoned.
You feel yourself slow down.
Your acid dragon zombie bites the two-headed ogre.
Your acid dragon zombie claws the two-headed ogre but does no damage.
The troll bites your acid dragon zombie!
The troll barely misses your acid dragon zombie.
The troll claws your acid dragon zombie!
You closely miss the hornet. Your headbutt misses the hornet.
The hornet is almost dead.
You feel sick. The hornet barely misses you.
Your yak zombie gores the hornet but does no damage.
The two-headed ogre closely misses you.
The two-headed ogre hits you with a +0 giant club!
Your yak zombie misses the hornet.
You miss the hornet.
The hornet is almost dead.
You feel sick.
The hornet stings you but does no damage.
The troll bites your acid dragon zombie!!
The troll claws your acid dragon zombie.
The troll claws your acid dragon zombie!
Your acid dragon zombie is destroyed!
You can no longer trade souls for undead servants.
You barely miss the hornet. Your headbutt misses the hornet.
The hornet is severely wounded.
You feel sick. The hornet stings you!
You feel as though you will be slow longer.
Your yak zombie barely misses the hornet.
Your yak zombie gores the hornet!
The hornet dies!
You block the two-headed ogre's attack.
The two-headed ogre hits you with a +0 giant club!!
Your base Long Blades skill increases to level 4!
As you read the scroll of teleportation, it crumbles to dust.
You feel strangely unstable.
You feel sick.
Your yak zombie gores the troll! x2
The two-headed ogre hits you with a +0 giant spiked club!
* * * LOW HITPOINT WARNING * * *
The two-headed ogre hits you with a +0 giant club!
You die...
Your body rises from the dead as a mindless zombie.

#############
###...........###
................##
..##...ZZ.##..#..#
##..oT@)###..#.######
##....O...###........#
##...####..$##........###
##..######..###.......'..
#..##).HH##.[##.......##.
#..##....##..##.......###
#..##....##..##.......#
#..##:...##.$##..######
.##B.###..#


You could see a two-headed ogre (ally target), a troll, an orc wizard and 2
friendly yak zombies.

Vanquished Creatures
  2 two-headed ogres
  Pikel (D:7)
  Maurice (D:8)
  An ugly thing (D:10)
  Maggie (D:10)
  A troll (D:10)
  Sigmund (D:3)
  A shadow (D:9)
  A wyvern (D:7)
  12 yaks
  Eustachio (D:6)
  2 wraiths
  A steam dragon (D:6)
  An acid dragon (D:11)
  3 water moccasins
  A sky beast (D:7)
  An orc warrior (D:8)
  3 centaurs
  An ogre (D:5)
  A phantom (D:7)
  A bullfrog (D:8)
  A kobold brigand (D:6)
  4 scorpions
  8 wights
  5 killer bees (D:7)
  4 howler monkeys
  3 bombardier beetles
  A gnoll bouda (D:8)
  4 hounds
  3 jellies
  Crazy Yiuf (D:7)
  5 orc priests
  2 sleepcaps
  4 iguanas
  7 orc wizards
  15 gnolls
  2 adders
  3 white imps
  7 ufetubi
  2 dart slugs
  22 orcs
  7 endoplasms
  2 giant cockroaches
  12 goblins
  20 hobgoblins
  3 quokkas
  2 ball pythons
  2 bats
  2 frilled lizards (D:3)
  22 kobolds
  8 rats
221 creatures vanquished.

Vanquished Creatures (collateral kills)
  A two-headed ogre (D:10)
  A cyclops (D:11)
  A manticore (D:9)
  A hornet (D:11)
  10 yaks
  A vampire (D:10)
  2 wyverns (D:10)
  An acid dragon (D:10)
  An ogre (D:5)
  2 centaurs
  A wight (D:8)
  A killer bee (D:7)
  A bombardier beetle (D:5)
  A jelly (D:7)
  An iguana (D:10)
  An orc wizard (D:5)
  An adder (D:5)
  An ufetubus (D:5)
  5 orcs
  An orc zombie (D:5)
35 creatures vanquished.

Vanquished Creatures (others)
  An ugly thing zombie (D:10)
  A wyvern zombie (D:10)
  2 water moccasin zombies (D:10)
  5 yak zombies
  A sky beast zombie (D:7)
  2 acid dragon zombies
  A howler monkey zombie (D:7)
  A jelly zombie (D:5)
  2 iguana zombies
  5 orc zombies
  2 kobold zombies (D:5)
  4 spectral ufetubi
27 creatures vanquished.

Grand Total: 283 creatures vanquished

Notes
Turn   | Place    | Note
-------+----------+-------------------------------------------
     0 | D:1      | hawla the Minotaur Fighter began the quest for the Orb.
     0 | D:1      | Reached XP level 1. HP: 19/19 MP: 0/0
   302 | D:1      | Reached XP level 2. HP: 27/27 MP: 1/1
   805 | D:2      | Identified the +8 short sword of Sloth {freeze, Int+4}
  1370 | D:3      | Reached XP level 3. HP: 34/34 MP: 2/2
  1377 | D:3      | Noticed NotreDorf's ghost (amateur MfAl)
  1378 | D:3      | Found a transporter.
  1573 | D:3      | Found a transporter.
  1604 | D:3      | Noticed Sigmund
  1614 | D:3      | Killed Sigmund
  1615 | D:3      | Reached skill level 5 in Fighting
  1615 | D:3      | Reached skill level 5 in Shields
  1615 | D:3      | Reached XP level 4. HP: 34/42 MP: 3/3
  1615 | D:3      | Reached XP level 5. HP: 39/48 MP: 4/4
  1972 | D:3      | Found a shimmering blue altar of Sif Muna.
  2146 | D:3      | Found a snail-covered altar of Cheibriados.
  2153 | D:3      | Reached skill level 5 in Dodging
  2153 | D:3      | Reached XP level 6. HP: 56/56 MP: 5/5
  2424 | D:4      | Found a staircase to the Ecumenical Temple.
  2432 | Temple   | Entered the Ecumenical Temple
  2443 | Temple   | Became a worshipper of Yredelemnul the Dark
  2616 | D:4      | Reached * piety under Yredelemnul
  2701 | D:4      | Reached ** piety under Yredelemnul
  2843 | D:4      | Reached skill level 1 in Short Blades
  2869 | D:4      | Reached XP level 7. HP: 41/61 MP: 3/6
  3010 | D:4      | Found a white marble altar of Elyvilon.
  3219 | D:5      | Entered Level 5 of the Dungeon
  3346 | D:5      | Reached skill level 5 in Armour
  3505 | D:5      | Found a burning altar of Makhleb.
  3534 | D:5      | Reached *** piety under Yredelemnul
  3549 | D:5      | Reached XP level 8. HP: 44/68 MP: 7/7
  3719 | D:5      | Reached skill level 5 in Short Blades
  3910 | D:5      | Found Dabbynaykk's Assorted Antiques.
  3915 | D:5      | Bought a dented pearl amulet for 120 gold pieces
  4342 | D:6      | Found an ancient bone altar of Kikubaaqudgha.
  4427 | D:6      | Noticed Eustachio
  4439 | D:6      | Killed Eustachio
  4488 | D:6      | Found a shadowy altar of Dithmenos.
  4557 | D:6      | Found an opulent altar of Gozag.
  4560 | D:6      | Found a glowing golden altar of the Shining One.
  4606 | D:6      | Found a transporter.
  4680 | D:6      | Found Haygofio's Antique Armour Shop.
  4716 | D:6      | Found a transporter.
  4975 | D:7      | Reached XP level 9. HP: 74/74 MP: 8/8
  5544 | D:7      | Reached skill level 10 in Armour
  5647 | D:7      | Noticed Pikel
  5660 | D:7      | Killed Pikel
  5710 | D:7      | Found an ornate altar of the Wu Jian Council.
  5783 | D:7      | Found a runed translucent door.
  5784 | D:7      | Noticed Crazy Yiuf
  6051 | D:7      | Killed Crazy Yiuf
  6084 | D:8      | Identified a scroll of acquirement
  6085 | D:8      | Acquired a manual of Shields
  6089 | D:8      | Found Uvaiwim's Distillery.
  6092 | D:8      | Bought a potion of lignification for 42 gold pieces
  6092 | D:8      | Bought a potion of curing for 42 gold pieces
  6119 | D:8      | Reached skill level 1 in Evocations
  6131 | D:8      | Noticed Maurice
  6152 | D:8      | Maurice stole 16 poisoned darts
  6170 | D:8      | Paralysed by Maurice for 5 turns
  6171 | D:8      | Maurice stole a +0 long sword
  6173 | D:8      | Maurice stole 12 gold
  6177 | D:8      | Killed Maurice
  6178 | D:8      | Reached skill level 2 in Invocations
  6178 | D:8      | Reached XP level 10. HP: 51/81 MP: 8/11
  6319 | D:8      | Found a sacrificial altar of Ru.
  6338 | D:8      | Found Dudox's Armour Shoppe.
  6339 | D:8      | Found Usuer's Magic Scroll Emporium.
  6359 | D:8      | Reached skill level 3 in Invocations
  6371 | D:8      | Found Vosh's Antique Weapon Shop.
  6540 | D:8      | Reached skill level 4 in Invocations
  6964 | D:8      | Found Jaiqe's General Store.
  6994 | D:8      | Bought a scroll of teleportation for 42 gold pieces
  7204 | D:9      | Reached skill level 5 in Invocations
  7218 | D:9      | Reached skill level 6 in Invocations
  7345 | D:9      | Noticed a two-headed ogre
  7358 | D:9      | Killed a two-headed ogre
  7359 | D:9      | Reached skill level 7 in Invocations
  7458 | D:9      | Reached skill level 8 in Invocations
  7502 | D:9      | Noticed a manticore
  7515 | D:9      | Killed a manticore
  7844 | D:10     | Entered Level 10 of the Dungeon
  7871 | D:10     | Noticed a white ugly thing
  7881 | D:10     | Killed a white ugly thing
  7882 | D:10     | Reached skill level 9 in Invocations
  7920 | D:10     | Noticed a two-headed ogre
  7924 | D:10     | Reached XP level 11. HP: 62/86 MP: 17/17
  7936 | D:10     | Killed a two-headed ogre
  7937 | D:10     | Reached skill level 10 in Invocations
  7971 | D:10     | Reached **** piety under Yredelemnul
  7979 | D:10     | Reached ***** piety under Yredelemnul
  8216 | D:10     | Reached skill level 11 in Invocations
  8265 | D:10     | Noticed Maggie
  8277 | D:10     | Killed Maggie
  8455 | D:10     | Found a staircase to the Lair.
  9007 | D:10     | Noticed a two-headed ogre
  9015 | D:10     | Killed a two-headed ogre
  9212 | D:11     | Reached skill level 12 in Invocations
  9391 | D:11     | Found a staircase to the Orcish Mines.
  9652 | D:11     | Noticed a boulder beetle
  9662 | D:11     | Noticed a two-headed ogre
  9674 | D:11     | Slain by a two-headed ogre

Illustrated notes

Levels and vault maps discovered:
D:1:      shiori_arrival_maze, layout_rooms, serial_forest,
          infiniplex_forest_lined_ring, infiniplex_forest_straight_1,
          infiniplex_forest_lined_ring, infiniplex_forest_join,
          infiniplex_forest_straight_4, infiniplex_forest_clump_small,
          infiniplex_forest_clump_C, infiniplex_forest_3_way
D:2:      layout_basic, hangedman_decor_points
D:3:      layout_basic, nicolae_sif_muna_little_library, slow_altar_2,
          gammafunk_ghost_stat_death, uniq_sigmund
D:4:      layout_gridville, kennysheep_mini, minmay_temple_entry_trees,
          minmay_misc_feat_doors
D:5:      corexii_shantytown, layout_loops_ring, bloody_makhleb, serial_shops,
          shop, amcnicky_mini_corridor_feature, st_stairs_3
D:6:      gammafunk_steamed_eel, layout_rooms, lemuel_doored_altar,
          lemuel_coloured_pillars_altar, jmf_multi_god_temple2, serial_shops,
          shop, uniq_eustachio
D:7:      corexii_shack_village, layout_loops_ring,
          nicolae_overflow_hidden_temple, hangedman_decor_opposing,
          hangedman_minor_gate_pass, uniq_pikel, uniq_crazy_yiuf_cottage
D:8:      layout_basic, hangedman_ru_absence, serial_shops, shop,
          nicolae_shop_temple_entry_statues_fountains,
          nicolae_shop_hallway_plus, shop, nicolae_shop_behind_doors,
          minmay_misc_feat_cross, uniq_maurice
D:9:      layout_rooms
D:10:     layout_stronghold, minmay_lair_entry_grove, uniq_maggie
D:11:     layout_roguey, orc_0_dummy, minmay_mirror_moons_of_madness
Temple:   nicolae_temple_ecumenical_triangle

Skill      XL: |  1  2  3  4  5  6  7  8  9 10 11 |
---------------+----------------------------------+-----
Fighting       | 4 5 |  5.0
Shields        | 4 5 |  5.0
Dodging        | 4 5 6 |  6.0
Short Blades   | 1 4 7 9 |  9.8
Armour         | 4 6 8 10 | 10.5
Evocations     | 3 |  3.0
Invocations    | 2 9 12 | 12.0
Long Blades    | 4 |  4.1

Action                     |  1- 3 |  4- 6 |  7- 9 | 10-12 || total
---------------------------+-------+-------+-------+-------++-------
  Melee: Long sword        |    75 |       |       |       ||    75
         Headbutt          |    22 |    11 |    49 |    56 ||   138
         Short sword       |    35 |    52 |   307 |   287 ||   681
  Throw: Dart              |       |       |     6 |       ||     6
  Evoke: Wand              |       |       |     2 |     1 ||     3
         Sack of spiders   |       |       |       |     1 ||     1
    Use: Scroll            |     3 |     3 |     4 |     8 ||    18
         Potion            |       |       |       |     1 ||     1
   Stab: Distracted        |       |       |       |     1 ||     1
 Armour: Scale mail        |    35 |    15 |       |       ||    50
         Chain mail        |       |    22 |   143 |   149 ||   314
         Skin              |       |       |       |     1 ||     1
  Dodge: Dodged            |    30 |    15 |   133 |    89 ||   267
  Block: Buckler           |    15 |    14 |    84 |    48 ||   161
